 Dungeon Crawl Stone Soup version 0.23.2-33-g5129a83184 (webtiles) character file.

Game seed: 2667855111977421905

7 w3n2u the Grave Robber (level 1, 0/13 HPs)
             Began as a Demonspawn Necromancer on July 23, 2019.
             Succumbed to a kobold's poison
             ... on level 1 of the Dungeon.
             The game lasted 00:04:39 (87 turns).

w3n2u the Grave Robber (Demonspawn Necromancer)       Turns: 87, Time: 00:04:39

Health: 0/13       AC:  2    Str:  8    XL:     1   Next: 83%
Magic:  0/3        EV: 12    Int: 18    God:
Gold:   19         SH:  0    Dex: 13    Spells: 2/4 levels left

rFire    + . .     SeeInvis .   b - +0 mace
rCold    + . .     Gourm    .   (no shield)
rNeg     . . .     Faith    .   a - +0 robe
rPois    .         Spirit   .   (no helmet)
rElec    .         Reflect  .   (no cloak)
rCorr    .         Harm     .   (no gloves)
MR       .....                  (no boots)
Stlth    ++........             (no amulet)
HPRegen  0.04/turn              (no ring)
MPRegen  0.08/turn              (no ring)

@: lethally poisoned (0 -> -26)
A: clever 1, cold resistance 1, fire resistance 1, subdued magic 1
a: no special abilities


You were on level 1 of the Dungeon.
You were not hungry.

You visited 1 branch of the dungeon, and saw 1 of its levels.

You collected 19 gold pieces.

Inventory:

Hand Weapons
 b - a +0 mace (weapon)
 d - a +0 club
Armour
 a - a +0 robe (worn)
Scrolls
 e - 2 scrolls of magic mapping {unknown}
Comestibles
 c - a ration


   Skills:
 + Level 1.7 Dodging
 + Level 2.1 Stealth
 + Level 2.0 Spellcasting
 + Level 4.6 Necromancy


You had 2 spell levels left.
You knew the following spells:

 Your Spells              Type           Power        Failure   Level  Hunger
a - Pain                  Necr           ##..         1%          1    #......
b - Animate Skeleton      Necr           N/A          1%          1    #......

Your spell library contained the following spells:

 Spells                   Type           Power        Failure   Level  Hunger
 Vampiric Draining        Necr           ##........   7%          3    ###....
 Regeneration             Chrm/Necr      #.........   19%         3    ###....
 Animate Dead             Necr           N/A          22%         4    #####..


Dungeon Overview and Level Annotations

Branches:
Dungeon (1/15)

Altars:


Innate Abilities, Weirdness & Mutations

Your mind is acute. (Int +2)
Your flesh is cold resistant. (rC+)
Your flesh is heat resistant. (rF+)
Your spells are a little easier to cast, but a little less powerful.


Message History

The kobold writhes in agony.
The kobold shouts!
Casting: Pain (safe; 1% risk of failure)
Confirm with . or Enter, or press ? or * to list all spells.
Aiming: Pain (safe; 1% risk of failure)
Press: ? - help, Shift-Dir - straight line, f/p - kobold
Aim: a kobold (moderately wounded, chance to defeat MR: 83%)
The kobold writhes in agony.
You kill the kobold!
The kobold throws a stone.
The stone closely misses you.
The kobold hits you with a +0 dagger of venom.
You are lethally poisoned!
You closely miss the kobold.
You feel sick. The kobold hits you but does no damage.
You are more poisoned.
You hit the kobold.
You kill the kobold!
* * * LOW HITPOINT WARNING * * *
You feel sick.
You die...

#.#.##.###.......#.#
##.# #......#
#.........###...
###....#
#######.........
#...#(## #.#..###.#
#.#.#..# ...#..# ###
###...##.# #.#####.#
#....###.#####.##
#..
.................
....
#########@####.#
##### #.# #.. #...
$.... #..... #......
########


There were no monsters in sight!

Vanquished Creatures
  A dart slug (D:1)
  A bat (D:1)
  A goblin (D:1)
  2 kobolds (D:1)
5 creatures vanquished.

Notes
Turn   | Place    | Note
-------+----------+-------------------------------------------
     0 | D:1      | w3n2u the Demonspawn Necromancer began the quest for the
                  | Orb.
     0 | D:1      | Reached XP level 1. HP: 13/13 MP: 3/3
    27 | D:1      | Learned a level 1 spell: Animate Skeleton
    71 | D:1      | Gained mutation: Your flesh is cold resistant. (rC+)
                  | [potion of mutation]
    71 | D:1      | Gained mutation: Your spells are a little easier to cast,
                  | but a little less powerful. [potion of mutation]
    71 | D:1      | Gained mutation: Your mind is acute. (Int +2) [potion of
                  | mutation]
    71 | D:1      | Gained mutation: Your flesh is heat resistant. (rF+)
                  | [potion of mutation]
    87 | D:1      | Succumbed to a kobold's poison

Skill      XL: |  1 |
---------------+----+-----
Stealth        | 2 |  2.1
Dodging        | |  1.7
Spellcasting   | |  2.0
Necromancy     | |  4.6

Action                   || total
-------------------------++-------
Melee: Mace              ||     5
 Cast: Pain              ||     5
  Use: Potion            ||     1
Armor: Robe              ||     4
Dodge: Dodged            ||     3
